NYP
MINNESOTA (NYP) TWINS @ IDAHO FALLS CHUKARS
06/26/2046
 
TOP OF THE 1ST
Minnesota (NYP) Twins batting - Pitching for Idaho Falls Chukars : RHP Brett Essary
Pitching: RHP Brett Essary
Batting: SHB Manny Molina 0-0: SOLO HOME RUN (Flyball, 8RXD, EV 101.9 MPH), Distance : 420 ft
Batting: RHB Nick Phipps 0-0: Ball
1-0: Called Strike
1-1: Swinging Strike
1-2: Hit by Pitch
Batting: LHB Jayden Thomas 0-0: Called Strike
0-1: Ball
1-1: DOUBLE (Line Drive, 3D, EV 96.9 MPH)
Nick Phipps to third
Batting: LHB Kuemon Shishido 0-0: Ball
1-0: Called Strike
1-1: Ground out 4-3 (Groundball, 34, EV 89.4 MPH)
Nick Phipps scores
Jayden Thomas to third
Batting: SHB Chris Hull 0-0: Ball
1-0: Foul Ball, location: 2F
1-1: Swinging Strike
1-2: Foul Ball, location: 2F
1-2: SINGLE (Flyball, 89M, EV 84.4 MPH)
Jayden Thomas scores
Batting: RHB Leo Gonzalez 0-0: Called Strike
0-1: Swinging Strike
0-2: Strikes out swinging
Pitching: RHP Mike Galvin
Batting: RHB Rick Kendall 0-0: Ball
1-0: Swinging Strike
1-1: Foul Ball, location: 2F
1-2: Ball
2-2: Foul Ball, location: 2F
2-2: Ball
3-2: Base on Balls
Chris Hull to second
Batting: RHB Andrew Rich 0-0: Ball
1-0: Called Strike
1-1: Ball
2-1: Ball
3-1: Called Strike
3-2: Foul Ball, location: 2F
3-2: Ground out 6-3 (Groundball, 6, EV 79.4 MPH)
Top of the 1st over - 3 runs, 3 hits, 0 errors, 2 left on base; Minnesota (NYP) 3 - Idaho Falls 0
BOTTOM OF THE 1ST
Idaho Falls Chukars batting - Pitching for Minnesota (NYP) Twins : RHP Chad Casey
Pitching: RHP Chad Casey
Batting: RHB Tim Persson 0-0: SINGLE (Groundball, 6D, EV 102.5 MPH)
Batting: RHB Kevin Wimberly 0-0: Called Strike
0-1: Swinging Strike
0-2: Ball
1-2: Ball
2-2: Foul Ball, location: 2F
2-2: Foul Ball, location: 2F
2-2: Ball
3-2: SINGLE (Line Drive, 89M, EV 108.1 MPH)
Tim Persson to second
Tim Persson to third
Batting: RHB Edwin Ramos 0-0: Called Strike
Kevin Wimberly steals 2nd base
0-1: Swinging Strike
0-2: Foul Ball, location: 2F
0-2: Ball
1-2: DOUBLE (Flyball, 89D, EV 90.6 MPH)
Tim Persson scores
Kevin Wimberly scores
Batting: LHB Joe Cozart 0-0: Ball
1-0: Ball
2-0: Ball
3-0: Called Strike
3-1: DOUBLE (Line Drive, 5D, EV 99.4 MPH)
Edwin Ramos scores
Batting: RHB Chad Sullivan 0-0: Ball
1-0: Foul Ball, location: 2F
1-1: Ground out 2-3 (Groundball, 2R, EV 67.5 MPH)
Joe Cozart to third
Batting: RHB Chance Argy 0-0: Ball
1-0: Ball
2-0: Called Strike
2-1: Ball
3-1: Base on Balls
Batting: RHB Justin Goff 0-0: Foul Ball, location: 2F
0-1: Ball
1-1: SINGLE (Flyball, 6D, EV 91.2 MPH)
Joe Cozart scores
Chance Argy to second
Batting: LHB Randy Stapleton 0-0: Ball
1-0: Called Strike
1-1: Swinging Strike
1-2: Strikes out swinging
Batting: LHB Danny Pacheco 0-0: Ground out 4-3 (Groundball, 4D, EV 108.1 MPH)
Bottom of the 1st over - 4 runs, 5 hits, 0 errors, 2 left on base; Minnesota (NYP) 3 - Idaho Falls 4
TOP OF THE 2ND
Minnesota (NYP) Twins batting - Pitching for Idaho Falls Chukars : RHP Mike Galvin
Batting: RHB Ton van Dijk 0-0: Called Strike
0-1: DOUBLE (Line Drive, 9LM, EV 104.4 MPH)
Batting: SHB Manny Molina 0-0: Ball
1-0: SINGLE (Flyball, 9LS, EV 85.0 MPH)
Ton van Dijk to third
Batting: RHB Nick Phipps 0-0: Called Strike
Manny Molina steals 2nd base
0-1: Ground out 5-3 (Groundball, 56S, EV 61.9 MPH)
Ton van Dijk scores
Manny Molina to third
Pitching: RHP Kevin Tumbleson
Batting: LHB Jayden Thomas 0-0: Ball
1-0: Foul Ball, location: 2F
1-1: Ball
2-1: Foul Ball, location: 2F
2-2: Ball
3-2: Foul Ball, location: 2F
3-2: Foul Ball, location: 2F
3-2: Ground out 6-3 (Groundball, 4M, EV 96.9 MPH)
Manny Molina scores
Batting: LHB Kuemon Shishido 0-0: Swinging Strike
0-1: Foul Ball, location: 2F
0-2: Ball
1-2: Ball
2-2: Foul Ball, location: 2F
2-2: Foul Ball, location: 2F
2-2: Fly out, F9 (Flyball, 89S, EV 90.0 MPH)
Top of the 2nd over - 2 runs, 2 hits, 0 errors, 0 left on base; Minnesota (NYP) 5 - Idaho Falls 4
BOTTOM OF THE 2ND
Idaho Falls Chukars batting - Pitching for Minnesota (NYP) Twins : RHP Chad Casey
Batting: RHB Tim Persson 0-0: Called Strike
0-1: Foul Ball, location: 2F
0-2: Ball
1-2: Ball
2-2: Ground out 5-3 (Groundball, 56, EV 80.0 MPH)
Batting: RHB Kevin Wimberly 0-0: Called Strike
0-1: Called Strike
0-2: Strikes out swinging
Batting: RHB Edwin Ramos 0-0: Fly out, F4 (Line Drive, 4, EV 69.4 MPH)
Bottom of the 2nd over - 0 runs, 0 hits, 0 errors, 0 left on base; Minnesota (NYP) 5 - Idaho Falls 4
TOP OF THE 3RD
Minnesota (NYP) Twins batting - Pitching for Idaho Falls Chukars : RHP Kevin Tumbleson
Batting: SHB Chris Hull 0-0: Ball
1-0: Ball
2-0: Foul Ball, location: 2F
2-1: Ball
3-1: Base on Balls
Pitching: RHP Josh Rutledge
Batting: RHB Leo Gonzalez 0-0: Ball
Wild Pitch!
Chris Hull to second
1-0: Ball
2-0: Ball
3-0: Base on Balls
Batting: RHB Rick Kendall 0-0: Ball
1-0: Called Strike
1-1: Ball
2-1: Foul Ball, location: 2F
2-2: TRIPLE (Line Drive, 89XD, EV 105.0 MPH)
Chris Hull scores
Leo Gonzalez scores
Batting: RHB Andrew Rich 0-0: Foul Ball, location: 2F
0-1: Ground out 6-3 (Groundball, 6, EV 80.0 MPH)
Rick Kendall scores
Batting: RHB Ton van Dijk 0-0: Ball
1-0: Ball
2-0: Ball
3-0: Foul Ball, location: 2F
3-1: Called Strike
3-2: SINGLE (Groundball, 56D, EV 95.0 MPH)
Batting: SHB Manny Molina 0-0: Called Strike
Ton van Dijk steals 2nd base
0-1: Ball
1-1: Called Strike
Ton van Dijk steals 3rd base
1-2: Ball
2-2: SINGLE (Groundball, 6M, EV 100.6 MPH) (infield hit)
Ton van Dijk scores
Pitching: RHP John Barnett
Batting: RHB Nick Phipps 0-0: Ball
1-0: Swinging Strike
1-1: Swinging Strike
1-2: Ball
2-2: Strikes out swinging
Batting: LHB Jayden Thomas 0-0: Called Strike
Manny Molina steals 2nd, throwing error, E2
Manny Molina to third
0-1: DOUBLE (Groundball, 3L, EV 103.8 MPH)
Manny Molina scores
Batting: LHB Kuemon Shishido 0-0: Hit by Pitch
Batting: SHB Chris Hull 0-0: DOUBLE (Line Drive, 7LS, EV 100.6 MPH)
Jayden Thomas scores
Kuemon Shishido to third
Runner from 3rd tries for Home, SAFE, no throw by LF
Batting: RHB Leo Gonzalez 0-0: Ball
1-0: Ball
2-0: Foul Ball, location: 2F
2-1: Ball
3-1: Base on Balls
Batting: RHB Rick Kendall 0-0: Swinging Strike
0-1: Swinging Strike
0-2: Ball
1-2: Foul Ball, location: 2F
1-2: Ball
2-2: Ball
3-2: Base on Balls
Chris Hull to third
Leo Gonzalez to second
Pitching: RHP Justin Potts
Batting: RHB Andrew Rich 0-0: Called Strike
0-1: Ball
1-1: Foul Ball, location: 2F
1-2: SINGLE (Line Drive, 56, EV 99.4 MPH)
Chris Hull scores
Leo Gonzalez to third
Rick Kendall to second
Batting: RHB Ton van Dijk 0-0: Ball
1-0: Called Strike
1-1: Fielders Choice at 2nd, U6 (Groundball, 6M, EV 93.1 MPH)
Top of the 3rd over - 8 runs, 6 hits, 1 error, 3 left on base; Minnesota (NYP) 13 - Idaho Falls 4
BOTTOM OF THE 3RD
Idaho Falls Chukars batting - Pitching for Minnesota (NYP) Twins : RHP Chad Casey
Batting: LHB Joe Cozart 0-0: Ball
1-0: Swinging Strike
1-1: Foul Ball, location: 2F
1-2: Ball
2-2: Strikes out swinging
Batting: RHB Chad Sullivan 0-0: Ball
1-0: Called Strike
1-1: Swinging Strike
1-2: Strikes out swinging
Batting: RHB Chance Argy 0-0: Ball
1-0: Ball
2-0: Called Strike
2-1: Ball
3-1: Swinging Strike
3-2: Ground out 4-3 (Groundball, 34D, EV 101.9 MPH)
Bottom of the 3rd over - 0 runs, 0 hits, 0 errors, 0 left on base; Minnesota (NYP) 13 - Idaho Falls 4
TOP OF THE 4TH
Minnesota (NYP) Twins batting - Pitching for Idaho Falls Chukars : RHP Justin Potts
Batting: SHB Manny Molina 0-0: Swinging Strike
0-1: Fly out, F9 (Flyball, 9LS, EV 90.6 MPH)
Batting: RHB Nick Phipps 0-0: Called Strike
0-1: Called Strike
0-2: Ball
1-2: Ball
2-2: Foul Ball, location: 2F
2-2: Strikes out swinging
Batting: LHB Jayden Thomas 0-0: Reached on error, E6 (Groundball, 6, EV 87.5 MPH)
Batting: LHB Kuemon Shishido 0-0: Ball
1-0: Called Strike
1-1: Ball
2-1: Ball
3-1: Base on Balls
Pitching: RHP Bryan Kiefer
Batting: SHB Chris Hull 0-0: Called Strike
0-1: Called Strike
0-2: Ball
Wild Pitch!
Jayden Thomas to third
Kuemon Shishido to second
1-2: Foul Ball, location: 2F
1-2: Ball
2-2: Strikes out looking
Top of the 4th over - 0 runs, 0 hits, 1 error, 2 left on base; Minnesota (NYP) 13 - Idaho Falls 4
BOTTOM OF THE 4TH
Idaho Falls Chukars batting - Pitching for Minnesota (NYP) Twins : RHP Chad Casey
Batting: RHB Justin Goff 0-0: Fly out, F9 (Flyball, 9D, EV 92.5 MPH)
Batting: LHB Randy Stapleton 0-0: Called Strike
0-1: Fly out, F8 (Line Drive, 8RD, EV 91.9 MPH)
Batting: LHB Danny Pacheco 0-0: Ball
1-0: Ball
2-0: Called Strike
2-1: Foul Ball, location: 2F
2-2: SINGLE (Line Drive, 78S, EV 86.9 MPH)
Batting: RHB Tim Persson 0-0: Ball
1-0: Ball
2-0: Ball
3-0: Base on Balls
Danny Pacheco to second
Batting: RHB Kevin Wimberly 0-0: Ball
1-0: Swinging Strike
1-1: Ball
2-1: Ball
3-1: Swinging Strike
3-2: Strikes out looking
Bottom of the 4th over - 0 runs, 1 hit, 0 errors, 2 left on base; Minnesota (NYP) 13 - Idaho Falls 4
TOP OF THE 5TH
Minnesota (NYP) Twins batting - Pitching for Idaho Falls Chukars : RHP Bryan Kiefer
Batting: RHB Leo Gonzalez 0-0: Called Strike
0-1: Foul Ball, location: 2F
0-2: Ball
1-2: TRIPLE (Flyball, 78XD, EV 95.0 MPH)
Batting: RHB Rick Kendall 0-0: Swinging Strike
0-1: Swinging Strike
0-2: Ball
1-2: Ground out 3-1 (Groundball, 34, EV 101.2 MPH)
Leo Gonzalez scores
Batting: RHB Andrew Rich 0-0: Ball
1-0: Ground out 6-3 (Groundball, 6, EV 84.4 MPH)
Batting: RHB Ton van Dijk 0-0: Foul Ball, location: 2F
0-1: Foul Ball, location: 2F
0-2: Reaches on Catchers interference
Pitching: LHP Ernesto Abreu
Batting: SHB Manny Molina 0-0: Called Strike
0-1: Ball
1-1: Called Strike
1-2: Foul Ball, location: 2F
1-2: Ball
2-2: Ball
3-2: Foul Ball, location: 2F
3-2: Base on Balls
Ton van Dijk to second
Batting: RHB Nick Phipps 0-0: Fly out, F9 (Flyball, 89M, EV 94.4 MPH)
Top of the 5th over - 1 run, 1 hit, 1 error, 2 left on base; Minnesota (NYP) 14 - Idaho Falls 4
BOTTOM OF THE 5TH
Idaho Falls Chukars batting - Pitching for Minnesota (NYP) Twins : RHP Chad Casey
Batting: RHB Edwin Ramos 0-0: Ball
1-0: Ball
2-0: Ground out 5-3 (Groundball, 56, EV 86.2 MPH)
Batting: LHB Joe Cozart 0-0: Ball
1-0: Ground out 6-3 (Groundball, 6, EV 91.9 MPH)
Batting: RHB Chad Sullivan 0-0: Ball
1-0: Ball
2-0: Foul Ball, location: 2F
2-1: Ball
3-1: Ground out 6-3 (Groundball, 56, EV 104.4 MPH)
Bottom of the 5th over - 0 runs, 0 hits, 0 errors, 0 left on base; Minnesota (NYP) 14 - Idaho Falls 4
TOP OF THE 6TH
Minnesota (NYP) Twins batting - Pitching for Idaho Falls Chukars : LHP Ernesto Abreu
Batting: LHB Jayden Thomas 0-0: Foul Ball, location: 2F
0-1: Foul Ball, location: 2F
0-2: Ball
1-2: Ball
2-2: DOUBLE (Flyball, 8RXD, EV 115.6 MPH)
Batting: LHB Kuemon Shishido 0-0: Foul Ball, location: 2F
0-1: Ball
1-1: Ground out 5-3 (Groundball, 6S, EV 82.5 MPH)
Jayden Thomas to third
Batting: SHB Chris Hull 0-0: Ball
1-0: Called Strike
1-1: Foul Ball, location: 2F
1-2: Foul Ball, location: 2F
1-2: Ball
2-2: Ground out 4-3 (Groundball, 4, EV 87.5 MPH)
Jayden Thomas scores
Batting: RHB Leo Gonzalez 0-0: Ball
1-0: Ball
2-0: Ball
3-0: Called Strike
3-1: Base on Balls
Batting: RHB Rick Kendall 0-0: Called Strike
0-1: Foul Ball, location: 2F
0-2: SINGLE (Line Drive, 9S, EV 99.4 MPH)
Leo Gonzalez to second
Batting: RHB Andrew Rich 0-0: Ball
1-0: Ball
Balk!
Leo Gonzalez to third
Rick Kendall to second
2-0: Foul Ball, location: 2F
2-1: Ball
3-1: Base on Balls
Batting: RHB Ton van Dijk 0-0: Ball
1-0: Ball
2-0: Foul Ball, location: 2F
2-1: Foul Ball, location: 2F
2-2: Strikes out swinging
Top of the 6th over - 1 run, 2 hits, 0 errors, 3 left on base; Minnesota (NYP) 15 - Idaho Falls 4
BOTTOM OF THE 6TH
Idaho Falls Chukars batting - Pitching for Minnesota (NYP) Twins : RHP Chad Casey
Batting: RHB Chance Argy 0-0: Ground out 4-3 (Groundball, 4, EV 84.4 MPH)
Batting: RHB Justin Goff 0-0: Ball
1-0: Swinging Strike
1-1: Ball
2-1: Swinging Strike
2-2: Strikes out looking
Batting: LHB Randy Stapleton 0-0: Ball
1-0: Ground out 4-3 (Groundball, 4, EV 101.2 MPH)
Bottom of the 6th over - 0 runs, 0 hits, 0 errors, 0 left on base; Minnesota (NYP) 15 - Idaho Falls 4
TOP OF THE 7TH
Minnesota (NYP) Twins batting - Pitching for Idaho Falls Chukars : LHP Ernesto Abreu
Pitching: RHP Shane Bruce
Pinch Hitting: RHB Jose Gracia 0-0: Called Strike
0-1: Ball
1-1: Called Strike
1-2: Fly out, F9 (Flyball, 9, EV 93.1 MPH)
Pinch Hitting: LHB Antonio Gutierrez 0-0: Ball
1-0: Foul Ball, location: 2F
1-1: Ball
2-1: Called Strike
2-2: Foul Ball, location: 2F
2-2: Foul Ball, location: 2F
2-2: Ball
3-2: Base on Balls
Pinch Hitting: RHB Aaron Elliott 0-0: Called Strike
0-1: Called Strike
0-2: Ball
1-2: 2-RUN HOME RUN (Flyball, 78XD, EV 98.1 MPH), Distance : 393 ft
Batting: LHB Kuemon Shishido 0-0: Called Strike
0-1: SOLO HOME RUN (Flyball, 89XD, EV 106.9 MPH), Distance : 404 ft
Batting: SHB Chris Hull 0-0: Ball
1-0: Foul Ball, location: 2F
1-1: Ball
2-1: Foul Ball, location: 2F
2-2: Strikes out swinging
Pinch Hitting: RHB Ricky Pizarro 0-0: Foul Ball, location: 2F
0-1: Ball
1-1: Ball
2-1: Ball
3-1: Base on Balls
Batting: RHB Rick Kendall 0-0: Ball
1-0: Swinging Strike
1-1: Swinging Strike
1-2: Ball
2-2: Foul Ball, location: 2F
2-2: Strikes out swinging
Top of the 7th over - 3 runs, 2 hits, 0 errors, 1 left on base; Minnesota (NYP) 18 - Idaho Falls 4
BOTTOM OF THE 7TH
Idaho Falls Chukars batting - Pitching for Minnesota (NYP) Twins : RHP Chad Casey
Pitching: RHP Dean Huch
Now at 1B: Ricky Pizarro
Now at SS: Jose Gracia
Now in LF: Ryan Starks
Now in CF: Antonio Gutierrez
Pinch Hitting: SHB Marcos Cortez 0-0: Foul Ball, location: 2F
0-1: Ball
1-1: SINGLE (Flyball, 5D, EV 92.5 MPH)
Pinch Hitting: SHB Sean Hill 0-0: Ball
1-0: Ball
2-0: Called Strike
2-1: Ball
3-1: Called Strike
3-2: Base on Balls
Marcos Cortez to second
Batting: RHB Kevin Wimberly 0-0: SINGLE (Groundball, P, EV 86.2 MPH) (infield hit)
Marcos Cortez to third
Sean Hill to second
Batting: RHB Edwin Ramos 0-0: Foul Ball, location: 2F
0-1: DOUBLE (Groundball, 5L, EV 107.5 MPH)
Marcos Cortez scores
Sean Hill scores
Kevin Wimberly to third
Batting: LHB Joe Cozart 0-0: Foul Ball, location: 2F
0-1: Ball
1-1: Foul Ball, location: 2F
1-2: Fly out, F7 (Line Drive, 7, EV 93.1 MPH)
Runner from 3rd tags up, SCORES, throw by LF
Pinch Hitting: LHB Josh Dalton 0-0: Called Strike
0-1: Foul Ball, location: 2F
0-2: Ball
1-2: Ball
2-2: Strikes out swinging
Batting: RHB Chance Argy 0-0: SINGLE (Groundball, 6, EV 93.8 MPH)
Edwin Ramos to third
Runner from 3rd tries for Home, throw by LF and OUT! 7-2
Bottom of the 7th over - 3 runs, 4 hits, 0 errors, 1 left on base; Minnesota (NYP) 18 - Idaho Falls 7
TOP OF THE 8TH
Minnesota (NYP) Twins batting - Pitching for Idaho Falls Chukars : RHP Shane Bruce
Now at 2B: Edwin Ramos
Now at SS: Marcos Cortez
Now in LF: Sean Hill
Now in RF: Josh Dalton
Batting: RHB Andrew Rich 0-0: Ball
1-0: Foul Ball, location: 2F
1-1: Ground out U3 (Groundball, 34S, EV 82.5 MPH)
Batting: RHB Ton van Dijk 0-0: Ball
1-0: Ball
2-0: Called Strike
2-1: Ground out 6-3 (Groundball, 6, EV 103.1 MPH)
Pitching: RHP Timotheus Cooper
Batting: RHB Jose Gracia 0-0: Ball
1-0: Ball
2-0: Called Strike
2-1: Ground out 6-3 (Groundball, 6S, EV 65.0 MPH)
Top of the 8th over - 0 runs, 0 hits, 0 errors, 0 left on base; Minnesota (NYP) 18 - Idaho Falls 7
BOTTOM OF THE 8TH
Idaho Falls Chukars batting - Pitching for Minnesota (NYP) Twins : RHP Dean Huch
Batting: RHB Justin Goff 0-0: Called Strike
0-1: Ground out 2-3 (Groundball, 15S, EV 61.2 MPH)
Batting: LHB Randy Stapleton 0-0: Ball
1-0: Ball
2-0: Called Strike
2-1: Ball
3-1: Base on Balls
Batting: SHB Marcos Cortez 0-0: Called Strike
Pickoff Throw by Catcher to First - Out!
0-1: Ball
1-1: Ground out 4-3 (Groundball, 4S, EV 70.6 MPH)
Bottom of the 8th over - 0 runs, 0 hits, 0 errors, 0 left on base; Minnesota (NYP) 18 - Idaho Falls 7
TOP OF THE 9TH
Minnesota (NYP) Twins batting - Pitching for Idaho Falls Chukars : RHP Timotheus Cooper
Batting: LHB Antonio Gutierrez 0-0: Called Strike
0-1: Ball
1-1: Foul Ball, location: 2F
1-2: Foul Ball, location: 2F
1-2: Foul Ball, location: 2F
1-2: Ground out 3-1 (Groundball, 34, EV 100.6 MPH)
Batting: RHB Ryan Starks 0-0: Ball
1-0: Called Strike
1-1: Ball
2-1: Foul Ball, location: 2F
2-2: Fly out, F7 (Flyball, 78D, EV 88.1 MPH)
Batting: LHB Kuemon Shishido 0-0: Ball
1-0: Called Strike
1-1: Ball
2-1: Foul Ball, location: 2F
2-2: Ball
3-2: Strikes out looking
Top of the 9th over - 0 runs, 0 hits, 0 errors, 0 left on base; Minnesota (NYP) 18 - Idaho Falls 7
BOTTOM OF THE 9TH
Idaho Falls Chukars batting - Pitching for Minnesota (NYP) Twins : RHP Dean Huch
Batting: SHB Sean Hill 0-0: Called Strike
0-1: Ball
1-1: Called Strike
1-2: Ball
2-2: Fly out, F7 (Flyball, 7LM, EV 90.0 MPH)
Batting: RHB Kevin Wimberly 0-0: Foul Ball, location: 2F
0-1: Ball
1-1: Foul Ball, location: 2F
1-2: Foul Ball, location: 2F
1-2: Strikes out swinging
Batting: RHB Edwin Ramos 0-0: Called Strike
0-1: Fly out, F9 (Flyball, 9D, EV 100.0 MPH)
Bottom of the 9th over - 0 runs, 0 hits, 0 errors, 0 left on base; Minnesota (NYP) 18 - Idaho Falls 7
Tuesday, September 13th , 2022 - OOTP Baseball 23.7 Build 88